 Dungeon Crawl Stone Soup version 0.25-a0-292-gaa31f046c4 (webtiles) character file.

Game seed: 7503515665061476459, levelgen mode: deterministic

3733 MoonlitKnight the Cleaver (level 10, -7/90 HPs)
             Began as a Hill Orc Fighter on Dec 15, 2019.
             Was an Initiate of Beogh.
             Mangled by a two-headed ogre
             ... wielding a +0 giant club
              (10 damage)
             ... on level 8 of the Dungeon.
             The game lasted 00:14:47 (6857 turns).

MoonlitKnight the Cleaver (Hill Orc Fighter)        Turns: 6857, Time: 00:14:47

Health: -7/90      AC: 15    Str: 23    XL:     10   Next: 14%
Magic:  10/10      EV:  6    Int: 11    God:    Beogh [......]
Gold:   270        SH: 11    Dex: 10    Spells: 9/9 levels left

rFire    . . .     SeeInvis .   a - +2 hand axe (freeze)
rCold    . . .     Gourm    .   c - +0 shield
rNeg     + . .     Faith    .   r - +2 chain mail {rPois}
rPois    +         Spirit   .   x - +0 helmet {Int+3}
rElec    .         Reflect  .   p - scarf {repulsion}
rCorr    .         Harm     .   b - +0 pair of gloves
MR       .....                  (no boots)
Stlth    ..........             (no amulet)
HPRegen  0.25/turn              w - ring of positive energy
MPRegen  0.12/turn              (no ring)

@: very slightly contaminated, repel missiles
A: no striking features
a: Renounce Religion


You were on level 8 of the Dungeon.
You worshipped Beogh.
Beogh was noncommittal.
You were hungry.

You visited 1 branch of the dungeon, and saw 8 of its levels.

You collected 368 gold pieces.
You spent 98 gold pieces at shops.

Inventory:

Hand Weapons
 a - a +2 hand axe of freezing (weapon)
 q - a +2 halberd of protection
Missiles
 k - 14 sling bullets
 s - 48 poisoned darts (quivered)
Armour
 b - a +0 pair of gloves (worn)
 c - a +0 shield (worn)
 p - a scarf of repulsion (worn)
 r - a +2 chain mail of poison resistance (worn)
 x - a +0 helmet of intelligence (worn)
Jewellery
 d - an uncursed ring of ice
 j - an uncursed amulet of magic regeneration {unknown}
 w - a ring of positive energy (left hand)
 B - an uncursed amulet of guardian spirit {unknown}
 D - a +3 ring of intelligence {unknown}
Wands
 z - a wand of random effects (18)
 C - a wand of polymorph (5)
Scrolls
 m - 2 scrolls of fear
 o - a scroll of blinking
 u - a scroll of enchant armour {unknown}
 y - a scroll of identify
 E - a scroll of magic mapping {unknown}
Potions
 e - a potion of lignification
 g - a potion of cancellation {unknown}
 h - 2 potions of invisibility
 i - a potion of brilliance {unknown}
 l - a potion of curing
 n - 2 potions of degeneration {unknown}
 t - 3 potions of heal wounds {unknown}
 v - a potion of mutation {unknown}
 A - 2 potions of magic {unknown}
Comestibles
 f - 11 rations
 F - 2 chunks of flesh


   Skills:
 + Level 8.5 Fighting
 * Level 11.8 Axes
 + Level 7.7 Armour
 + Level 7.7 Shields


You had 9 spell levels left.
You didn't know any spells.
Your spell library was empty.

Dungeon Overview and Level Annotations

Branches:
Dungeon (8/15)             Temple (0/1) D:4            Lair (0/6) D:8

Altars:
Ashenzari
Elyvilon
Kikubaaqudgha
Makhleb
Okawaru
Ru
Trog
Yredelemnul

Shops:
D:4 *??

Annotations:
D:2 1 runed translucent door, Crazy Yiuf
D:6 2 transporters, lukutis69's ghost, novice MiBe
D:7 1 transporter, D1HalberdGnoll's ghost, novice HuAr; Dowan; Joseph


Message History

* * * LOW HITPOINT WARNING * * *
You hit the two-headed ogre. You freeze the two-headed ogre.
The two-headed ogre is lightly wounded.
The two-headed ogre hits you with a +0 giant club.
* * * LOW HITPOINT WARNING * * *
The two-headed ogre hits you with a +0 giant club!!
* * * LOW HITPOINT WARNING * * *
There is an open door here.
You see here a throwing net.
You fade into invisibility!
The two-headed ogre barely misses you. You block the two-headed ogre's attack.
You are very lightly contaminated with residual magic.
You flicker for a moment.
You flicker back into view.
You are feeling hungry.
The two-headed ogre closely misses you. You block the two-headed ogre's attack.
The two-headed ogre hits you with a +0 giant club!!
* * * LOW HITPOINT WARNING * * *
The two-headed ogre hits you with a +0 giant club!
You die...

#### ##...†###........#..#.#
##.........###.#..####
############..#### #
###############################
.........#.........#..........#
.........#.........#..........#
.........#.........+..........#
###......#....##O..#..........##'
..#......#....##@..##'###........
..'......#.....'........#........
..#......#.....#........#........
###......#....##........#........
..#......#....##........#........
..#......#.......(......#........
..#......#..............#........
..#......#..............#........
###......#'#####(####.###........


You could see a two-headed ogre.

Vanquished Creatures
  Pikel (D:7)
  A komodo dragon (D:8)
  A troll (D:6)
  A basilisk (D:8)
  2 water moccasins
  Duvessa (D:7)
  A swamp drake (D:8)
  An ice beast (D:8)
  2 sky beasts
  4 phantoms
  4 ogres
  3 crocodiles (D:8)
  2 bullfrogs
  A water moccasin zombie (D:5)
  A scorpion (D:7)
  4 crimson imps
  2 jellies
  A bullfrog skeleton (D:5)
  5 hounds
  An orc priest (D:7)
  7 worker ants
  2 hound skeletons
  9 gnolls (D:8)
  8 adders
  An ooze (D:6)
  An adder skeleton (D:4)
  8 worms
  A dart slug (D:1)
  3 leopard geckos
  13 orcs
  7 bats
  8 giant cockroaches
  2 gnoll zombies (D:2)
  8 goblins
  4 hobgoblins
  6 jackals
  4 quokkas
  A ball python (D:5)
  6 frilled lizards
  6 kobolds
  A leopard gecko skeleton (D:4)
  10 rats
155 creatures vanquished.

Vanquished Creatures (others)
  A slave (D:7)
  A centaur (D:7)
  An orc priest (D:6)
  An orc wizard (D:6)
  An orc (D:6)
5 creatures vanquished.

Grand Total: 160 creatures vanquished

Notes
Turn   | Place    | Note
-------+----------+-------------------------------------------
     0 | D:1      | MoonlitKnight the Hill Orc Fighter began the quest for the
                  | Orb.
     0 | D:1      | Reached XP level 1. HP: 19/19 MP: 1/1
   112 | D:1      | Reached skill level 3 in Axes
   205 | D:1      | Reached XP level 2. HP: 27/27 MP: 2/2
   560 | D:1      | You fall into a shaft and drop 1 floor!
   630 | D:2      | Reached XP level 3. HP: 33/33 MP: 3/3
   896 | D:2      | Found a basalt altar of Yredelemnul.
  1074 | D:2      | Found a runed translucent door.
  1075 | D:2      | Noticed Crazy Yiuf
  1417 | D:3      | Reached skill level 4 in Axes
  1455 | D:3      | Reached XP level 4. HP: 36/40 MP: 4/4
  2162 | D:4      | Noticed a phantom
  2194 | D:4      | Reached XP level 5. HP: 37/47 MP: 5/5
  2198 | D:4      | Killed a phantom
  2198 | D:4      | Reached skill level 5 in Axes
  2238 | D:4      | You fall into a shaft and drop 1 floor!
  2238 | D:5      | Entered Level 5 of the Dungeon
  2253 | D:5      | Reached XP level 6. HP: 42/55 MP: 6/6
  2372 | D:5      | Reached skill level 5 in Fighting
  2488 | D:4      | Reached skill level 6 in Axes
  2492 | D:4      | Found a bloodstained altar of Trog.
  2492 | D:4      | Found an ancient bone altar of Kikubaaqudgha.
  2536 | D:4      | Found a shattered altar of Ashenzari.
  2557 | D:4      | Found Geotos's Magic Scroll Shoppe.
  2563 | D:4      | Bought a scroll of identify for 28 gold pieces
  2563 | D:4      | Bought a scroll of remove curse for 42 gold pieces
  2563 | D:4      | Bought a scroll of identify for 28 gold pieces
  2569 | D:4      | Found Ciwe's Assorted Antiques.
  2643 | D:4      | Found a staircase to the Ecumenical Temple.
  2740 | D:4      | Found a white marble altar of Elyvilon.
  2757 | D:4      | Found Ximamid's Magic Scroll Shoppe.
  3133 | D:5      | Noticed a phantom
  3145 | D:5      | Killed a phantom
  3145 | D:5      | Reached XP level 7. HP: 55/61 MP: 7/7
  3262 | D:5      | Reached skill level 7 in Axes
  3262 | D:5      | Reached skill level 5 in Armour
  3270 | D:5      | Reached skill level 5 in Shields
  3281 | D:5      | Found a sacrificial altar of Ru.
  3326 | D:5      | Reached XP level 8. HP: 57/70 MP: 8/8
  3397 | D:5      | Reached skill level 8 in Axes
  3534 | D:5      | Found a burning altar of Makhleb.
  3634 | D:6      | Found a transporter.
  3654 | D:6      | Noticed lukutis69's ghost (novice MiBe)
  3788 | D:6      | Found an iron altar of Okawaru.
  3854 | D:6      | Found a transporter.
  3905 | D:6      | Noticed a troll
  3935 | D:6      | Killed a troll
  3935 | D:6      | Reached skill level 9 in Axes
  4266 | D:6      | Noticed a moth of wrath
  4269 | D:6      | Found a bloodstained altar of Trog.
  4421 | D:6      | Became a worshipper of Beogh the Brigand
  4446 | D:6      | Reached XP level 9. HP: 56/79 MP: 9/9
  4843 | D:7      | Noticed Pikel
  4861 | D:7      | Killed Pikel
  4861 | D:7      | Reached skill level 10 in Axes
  4955 | D:7      | Found a transporter.
  4957 | D:7      | Noticed D1HalberdGnoll's ghost (novice HuAr)
  4988 | D:7      | Noticed a red ugly thing
  5445 | D:7      | Noticed Duvessa
  5446 | D:7      | Noticed Dowan
  5450 | D:7      | Noticed Joseph
  5464 | D:7      | Killed Duvessa
  5491 | D:7      | HP: 1/80 [Joseph/+0 quarterstaff (5)]
  6031 | D:8      | Reached skill level 11 in Axes
  6239 | D:8      | Noticed a komodo dragon
  6253 | D:8      | Killed a komodo dragon
  6460 | D:8      | Reached XP level 10. HP: 86/88 MP: 10/10
  6565 | D:8      | Found a staircase to the Lair.
  6770 | D:8      | Noticed a two-headed ogre
  6785 | D:8      | HP: 3/90 [two-headed ogre/+0 giant club (18)]
  6857 | D:8      | HP: 3/90 [two-headed ogre/+0 giant club (18)]
  6857 | D:8      | Mangled by a two-headed ogre

Levels and vault maps discovered:
D:1:      dpeg_arrival_concentric_ovals, layout_basic,
          chequers_serial_rivers_small_a
D:2:      layout_rooms, lemuel_zombie_altar_yredelemnul, first_ration,
          kennysheep_decorative_pillar, uniq_crazy_yiuf_cottage
D:3:      layout_basic
D:4:      layout_rooms, elyvilon_altar_1, kennysheep_little_box,
          gammafunk_temple_overflow_wave, minmay_temple_entry_ruins,
          gup_sewer_entry_pipe, serial_shops, shop_statue, shop,
          nicolae_shop_trees, minmay_misc_feat_tiny
D:5:      layout_basic, lemuel_doored_altar, amethyst_killhole,
          nicolae_ru_path_of_blood
D:6:      layout_loops_ring, kennysheep_okawaru_gauntlet,
          gammafunk_ghost_stat_death, tgw_trog
D:7:      layout_loops_corners, gammafunk_ghost_hive, vehumet_altar_wand_db,
          uniq_duvessa, uniq_joseph, uniq_pikel
D:8:      layout_gridville, erik_lair_dragon

Skill      XL: |  1  2  3  4  5  6  7  8  9 |
---------------+----------------------------+-----
Axes           | 3 4 5 6 7 9 11 | 11.8
Fighting       | 4 5 7 8 |  8.5
Armour         | 4 5 6 7 |  7.7
Shields        | 4 5 6 7 |  7.7

Action                   |  1- 3 |  4- 6 |  7- 9 | 10-12 || total
-------------------------+-------+-------+-------+-------++-------
Melee: War axe           |    33 |       |       |       ||    33
       Hand axe          |    70 |   138 |   327 |    62 ||   597
Throw: Dart              |       |       |    11 |       ||    11
Invok: Convert to Beogh  |       |       |     1 |       ||     1
  Use: Scroll            |       |    10 |     1 |       ||    11
       Potion            |       |       |     5 |     1 ||     6
  Eat: Chunk             |     2 |     5 |    11 |     1 ||    19
Armor: Scale mail        |    26 |       |       |       ||    26
       Chain mail        |    17 |    75 |   128 |    13 ||   233
Dodge: Dodged            |    27 |    28 |    44 |     7 ||   106
       Deflected         |       |       |     5 |     1 ||     6
Block: Shield            |    51 |    70 |   136 |    26 ||   283

Table legend:
 A = Non-vault XP
 B = Vault XP
 C = Vault XP percentage of total XP
 D = Non-vault monster count
 E = Vault monster count
 F = Vault count percentage of total count
                 A         B        C        D         E       F
            +---------+---------+-------+---------+---------+-------
      Total |    3510 |    1823 |  34.2 |     134 |      21 |  13.5
            +---------+---------+-------+---------+---------+-------
        D:1 |      33 |       0 |   0.0 |      18 |       0 |   0.0
        D:2 |      25 |       3 |  10.7 |       9 |       2 |  18.2
        D:3 |      80 |       0 |   0.0 |      25 |       0 |   0.0
        D:4 |     250 |       9 |   3.5 |      12 |       4 |  25.0
        D:5 |    1031 |       0 |   0.0 |      21 |       0 |   0.0
        D:6 |    1152 |      16 |   1.4 |      18 |       7 |  28.0
        D:7 |     191 |     788 |  80.5 |       8 |       2 |  20.0
        D:8 |     748 |    1007 |  57.4 |      23 |       6 |  20.7
            +---------+---------+-------+---------+---------+-------
